 Dungeon Crawl Stone Soup version bcrawl-1.17.3 (webtiles) character file.

Game seed: 13823681936469474520

10540 Freyura the Fighter (level 11, -4/74 HPs)
             Began as a Gargoyle Fighter on Oct 24, 2019.
             Was an Elder of Makhleb.
             Killed by refrigeration
             ... invoked by Fannar
              (11 damage)
             ... on level 10 of the Dungeon on Oct 26, 2019.
             The game lasted 00:39:31 (9111 turns).

Freyura the Fighter (Gargoyle Fighter)              Turns: 9111, Time: 00:39:31

Health: -4/74      AC: 28    Str: 21    XL:     11   Next: 63%
Magic:  16/16      EV:  6    Int: 13    God:    Makhleb [****..]
Gold:   900        SH:  0    Dex: 12    Spells: 10/10 levels left

rFire    . . .     SeeInvis .   y - +2 lajatang (speed)
rCold    . . .     Gourm    .   (shield currently unavailable)
rNeg     + + .     Faith    .   h - +0 plate armour
rPois    ∞         Spirit   .   e - +1 helmet
rElec    +         Reflect  .   q - +0 cloak
rCorr    .         Harm     .   l - +0 pair of gloves
MR       .....                  z - +0 pair of boots
Stlth    ..........             (no amulet)
HPRegen  0.22/turn              B - ring of positive energy
MPRegen  0.15/turn              I - ring of wizardry

@: brilliant
A: negative energy resistance 1, electricity resistance, unbreathing,
petrification resistance, rot immunity, AC +8
a: Minor Destruction, Lesser Servant of Makhleb, Major Destruction, Renounce
Religion


You were on level 10 of the Dungeon.
You worshipped Makhleb.
Makhleb was greatly pleased with you.
You were not hungry.

You visited 2 branches of the dungeon, and saw 11 of its levels.
You also visited: Sewer.

You collected 900 gold pieces.

Inventory:

Hand Weapons
 t - a +3 whip of electrocution
 y - a +2 lajatang of speed (weapon)
Armour
 b - a +0 scale mail
 c - a +0 shield
 e - a +1 helmet (worn)
 h - a +0 plate armour (worn)
 l - a +0 pair of gloves (worn)
 q - a +0 cloak (worn)
 z - a +0 pair of boots (worn)
Jewellery
 d - an uncursed ring of fire
 w - an uncursed amulet of faith
 B - a ring of positive energy (left hand)
 D - an uncursed amulet of magic regeneration
 I - a ring of wizardry (right hand)
Wands
 j - a wand of acid (9)
 v - a wand of random effects (8)
 A - a wand of enslavement (10)
 H - a wand of flame (15)
Scrolls
 a - 2 scrolls of remove curse
 p - 3 scrolls of fear
 r - 2 scrolls of vulnerability
 s - 9 scrolls of teleportation
 C - 3 scrolls of enchant armour
 E - a scroll of amnesia
 F - a scroll of immolation
 J - a scroll of identify
Potions
 g - a potion of mutation {unknown}
 i - 7 potions of curing
 k - a potion of magic
 m - a potion of berserk rage {unknown}
 n - a potion of cancellation {unknown}
 o - a potion of agility
 u - 2 potions of lignification
 x - a potion of degeneration {unknown}
 G - a potion of brilliance
Comestibles
 f - 8 rations {!d}


   Skills:
 + Level 11.0 Fighting
 - Level 5.2(8.1) Maces & Flails
 * Level 9.6(10.2) Staves
 + Level 9.1 Armour
 - Level 5.1 Shields
 + Level 7.1 Invocations


You had 10 spell levels left.
You didn't know any spells.
Your spell library was empty.

Dungeon Overview and Level Annotations

Branches:
Dungeon (10/12)            Temple (1/1) D:5            Lair (0/6) D:7
    Orc (0/1) D:9

Altars:
Ashenzari
Cheibriados
Dithmenos
Elyvilon
Fedhas
Gozag
Hepliaklqana
Kikubaaqudgha
Lugonu
Makhleb
Nemelex Xobeh
Okawaru
Qazlal
Ru
Sif Muna
Trog
Uskayaw
Vehumet
Wu Jian
Xom
Yredelemnul
Zin
The Shining One

Annotations:
D:10 Fannar


Innate Abilities, Weirdness & Mutations

You are resistant to torment.
Your stone body is resilient. (AC +8)
You are immune to poison.
You resist negative energy. (rN+)
You are resistant to electric shocks. (rElec)
You can survive without breathing.
You are immune to petrification.
You are immune to rotting.


Message History

Fannar is lightly wounded.
Fannar hits you with an uncursed staff of cold.
The ice beast hits you but does no damage.
You hit Fannar.
Fannar is lightly wounded.
The ice beast hits you but does no damage.
You slice Fannar!!
Fannar is moderately wounded.
Fannar mumbles some strange words.
Fannar drains the heat from the surrounding environment!
You feel very cold.
* * * LOW HITPOINT WARNING * * *
Fannar is frozen.
Fannar resists.
The ice beast barely misses you.
It was a potion of brilliance.
You feel clever all of a sudden.
The ice beast hits you but does no damage.
Fannar mumbles some strange words.
Fannar drains the heat from the surrounding environment!
You feel very cold.
You die...

### #.######+######
#.##....)......
#.##....Y...... #
###^.....@Y......
#.#...#.....e......
#.###.##...........
...#.##...........
#.###.#.##...........
#.......##...........
#####'####......>....
#....# ####+#######
#.####


You could see Fannar and 2 ice beasts.

Vanquished Creatures
  A catoblepas (D:8)
  A centaur warrior (D:9)
  Erica (D:8)
  A two-headed ogre (D:9)
  The ghost of gorpus the Destroyer, a novice OpWz of Ashenzari (D:8)
  A wolf spider zombie (D:7)
  A kobold demonologist (D:9)
  A queen bee (D:8)
  2 trolls
  A slime creature (D:10)
  Grinder (D:3)
  Prince Ribbit (D:6)
  2 hungry ghosts (D:9)
  Duvessa (D:7)
  2 soldier ants (D:5)
  3 orc warriors (D:9)
  Purgy (Sewer)
  3 sky beasts
  A necrophage (D:8)
  3 phantoms
  A black bear (D:8)
  4 ogres
  3 wolves (D:7)
  A bullfrog (D:7)
  3 big kobolds
  2 gnoll sergeants (D:8)
  Dowan (D:7)
  4 scorpions
  15 killer bees
  10 wights (D:8)
  A howler monkey (D:4)
  4 electric eels (D:7)
  3 crimson imps
  A quasit (D:4)
  2 jellies
  3 orc priests
  9 hounds
  7 orc wizards
  An iguana (D:9)
  Natasha (thrice) (D:3)
  8 worker ants
  A hound skeleton (D:7)
  9 gnolls (D:8)
  13 adders
  A shadow imp (D:5)
  4 worms
  3 leopard geckos (D:2)
  28 orcs
  A ball python (D:1)
  4 bats
  6 giant cockroaches
  3 goblins
  6 hobgoblins
  22 jackals
  27 kobolds
  6 quokkas
  5 frilled lizards
  A leopard gecko skeleton (D:6)
  3 rats
258 creatures vanquished.

Vanquished Creatures (collateral kills)
  An orc (D:9)
1 creature vanquished.

Grand Total: 259 creatures vanquished

Notes
Turn   | Place    | Note
-------+----------+-------------------------------------------
     0 | D:1      | Freyura the Gargoyle Fighter began the quest for the Orb.
     0 | D:1      | Reached XP level 1. HP: 14/14 MP: 1/1
   208 | D:1      | Reached XP level 2. HP: 19/19 MP: 2/2
  1059 | D:2      | Reached XP level 3. HP: 24/24 MP: 3/3
  1459 | D:2      | Found a stormy altar of Qazlal.
  1720 | D:2      | Reached skill level 4 in Fighting
  1786 | D:2      | Reached XP level 4. HP: 29/29 MP: 4/4
  2265 | D:3      | Reached XP level 5. HP: 32/34 MP: 5/5
  2380 | D:3      | Noticed an ogre
  2388 | D:3      | Killed an ogre
  2468 | D:3      | Noticed Grinder
  2471 | D:3      | Paralysed by Grinder for 2 turns
  2484 | D:3      | Killed Grinder
  2484 | D:3      | Reached skill level 5 in Fighting
  2484 | D:3      | Reached XP level 6. HP: 31/40 MP: 6/6
  2642 | D:3      | Noticed Natasha
  2649 | D:3      | Killed Natasha
  2649 | D:3      | Reached XP level 7. HP: 31/44 MP: 7/7
  2891 | D:3      | Noticed Natasha
  2901 | D:3      | Killed Natasha
  2993 | D:3      | Noticed Natasha
  2999 | D:3      | Killed Natasha
  3523 | D:4      | Found a blossoming altar of Fedhas.
  3594 | D:4      | Reached skill level 6 in Fighting
  3594 | D:4      | Reached skill level 5 in Maces & Flails
  3837 | D:4      | Reached skill level 5 in Armour
  3874 | D:4      | Reached skill level 5 in Shields
  4168 | D:4      | Reached skill level 1 in Staves
  4168 | D:4      | Reached XP level 8. HP: 47/52 MP: 8/8
  4364 | D:5      | Entered Level 5 of the Dungeon
  4413 | D:5      | Found a shimmering blue altar of Sif Muna.
  4464 | D:5      | Found a runed door.
  4508 | D:5      | Found a staircase to the Ecumenical Temple.
  4544 | Temple   | Entered the Ecumenical Temple
  4698 | Temple   | Became a worshipper of Makhleb the Destroyer
  4796 | D:5      | Reached skill level 7 in Fighting
  5109 | D:5      | Found a runed door.
  5125 | D:5      | Reached skill level 1 in Invocations
  5345 | D:6      | Noticed Prince Ribbit
  5576 | D:6      | Reached * piety under Makhleb
  5576 | D:6      | Reached XP level 9. HP: 44/59 MP: 10/10
  5591 | D:6      | Reached skill level 8 in Fighting
  5631 | D:6      | Killed Prince Ribbit
  5827 | D:6      | Found a glowing drain.
  5877 | Sewer    | Entered a sewer
  5926 | Sewer    | Noticed Purgy
  5935 | Sewer    | Killed Purgy
  6234 | D:7      | Noticed Dowan
  6235 | D:7      | Noticed Duvessa
  6248 | D:7      | Killed Duvessa
  6250 | D:7      | Killed Dowan
  6260 | D:7      | Reached skill level 5 in Staves
  6531 | D:7      | Noticed a troll
  6564 | D:7      | Reached ** piety under Makhleb
  6572 | D:7      | Reached skill level 9 in Fighting
  6592 | D:7      | Found a staircase to the Lair.
  6611 | D:7      | Killed a troll
  6619 | D:7      | Reached XP level 10. HP: 49/66 MP: 13/13
  7304 | D:8      | Reached skill level 5 in Invocations
  7310 | D:8      | Reached skill level 10 in Fighting
  7419 | D:8      | Noticed a catoblepas
  7438 | D:8      | Killed a catoblepas
  7441 | D:8      | Reached *** piety under Makhleb
  7612 | D:8      | Found a large runed translucent door.
  7612 | D:8      | Noticed gorpus's ghost (novice OpWz)
  7613 | D:8      | Found a large runed translucent door.
  7778 | D:8      | Reached XP level 11. HP: 73/73 MP: 15/15
  7824 | D:8      | Noticed Erica
  7831 | D:8      | Killed Erica
  7881 | D:8      | Found an ornate altar of the Wu Jian Council.
  7970 | D:8      | Killed gorpus's ghost
  8352 | D:9      | Found a staircase to the Orcish Mines.
  8418 | D:9      | Noticed a two-headed ogre
  8426 | D:9      | Killed a two-headed ogre
  8584 | D:9      | Found a sacrificial altar of Ru.
  8587 | D:9      | Found a white marble altar of Elyvilon.
  8590 | D:9      | Found a radiant altar of Vehumet.
  8643 | D:9      | Reached **** piety under Makhleb
  8795 | D:9      | Noticed a centaur warrior
  8806 | D:9      | Killed a centaur warrior
  8806 | D:9      | Reached skill level 11 in Fighting
  9057 | D:10     | Entered Level 10 of the Dungeon
  9098 | D:10     | Noticed Fannar
  9111 | D:10     | Killed from afar by Fannar

Skill      XL: |  1  2  3  4  5  6  7  8  9 10 11 |
---------------+----------------------------------+-----
Fighting       | 4 5 6 7 9 10 11 | 11.0
Maces & Flails | 3 4 5 |  5.2
Armour         | 4 5 6 7 8 9 |  9.1
Shields        | 4 5 |  5.1
Staves         | 1 3 6 8 9 |  9.6
Invocations    | 2 4 6 7 |  7.1

Action                   |  1- 3 |  4- 6 |  7- 9 | 10-12 || total
-------------------------+-------+-------+-------+-------++-------
Melee: Flail             |   150 |    25 |       |       ||   175
       Whip              |       |    65 |    99 |       ||   164
       Lajatang          |       |       |   331 |   428 ||   759
  Use: Scroll            |     1 |       |    13 |     3 ||    17
       Potion            |       |       |     4 |     4 ||     8
  Eat: Chunk             |     3 |     3 |     9 |     4 ||    19
       Ration            |       |       |     1 |     2 ||     3
Armor: Scale mail        |    84 |    48 |   224 |   176 ||   532
       Plate armour      |       |       |       |   109 ||   109
Dodge: Dodged            |    46 |    29 |   161 |   141 ||   377
Block: Shield            |    78 |    42 |    38 |       ||   158
